 Dungeon Crawl Stone Soup version 0.29.1-13-g9f3cf754e1 (webtiles) character file.

Game seed: 5278879555279524012

10054 promet the Covert (level 11, -13/80 HPs)
             Began as an Octopode Brigand on Feb 2, 2023.
             Was a Priest of Dithmenos.
             Mangled by a boulder beetle (25 damage)
             ... on level 11 of the Dungeon on Feb 3, 2023.
             The game lasted 01:51:37 (20236 turns).

promet the Covert (Octopode Brigand)               Turns: 20236, Time: 01:51:38

Health: -13/80     AC:  3    Str: 17    XL:     11   Next: 56%
Magic:  11/11      EV: 18    Int: 16    God:    Dithmenos [***...]
Gold:   792        SH:  5    Dex: 27    Spells: 7/10 levels left

rFire   . . .      SeeInvis .   a - +1 falchion of the Goat {freeze, Dex+6}
rCold   + . .      Faith    .   (no shield)
rNeg    + . .      Spirit   .   h - +2 hat
rPois   +          Reflect  +   t - amulet of reflection
rElec   .          Harm     .   g - ring of protection from cold
rCorr   .          Rampage  .   j - ring of wizardry
Will    ++...                   m - ring of positive energy
Stlth   +++++++++.              n - ring of flight
HPRegen 0.23/turn               F - ring of willpower
MPRegen 0.12/turn               G - +6 ring of strength
                                P - ring of willpower
                                O - +6 ring of dexterity

@: flying, wreathed by umbra
A: almost no armour, amphibious, 8 rings, camouflage 1, gelatinous body 1,
(nimble swimmer 1), tentacles, poison resistance
a: Renounce Religion, Shadow Step


You were on level 11 of the Dungeon.
You worshipped Dithmenos.
Dithmenos was most pleased with you.
You visited 2 branches of the dungeon, and saw 12 of its levels.

You collected 792 gold pieces.

Inventory:

Hand Weapons
 a - the +1 falchion of the Goat (weapon) {freeze, Dex+6}
   (You took it off a hobgoblin on level 4 of the Dungeon)

   It freezes those it strikes, dealing additional cold damage.
   It can also slow down cold-blooded creatures.
   Dex:       It affects your dexterity (+6).
 b - a +3 dagger of venom
 c - a +0 shortbow of freezing
 i - a +4 trident
 l - a +2 dagger of speed
 q - a +0 scimitar
 r - a +3 battleaxe
 u - a +3 flail of holy wrath
 w - a +0 glaive
 A - a +2 spear of venom
 K - a +2 war axe of electrocution
Missiles
 e - 119 stones
 x - 12 boomerangs
 y - 45 poisoned darts (quivered)
 z - 4 throwing nets
Armour
 h - a +2 hat (worn)
Magical Staves
 s - a staff of death
Jewellery
 g - a ring of protection from cold (left tentacle)
 j - a ring of wizardry (right tentacle)
 k - an amulet of magic regeneration
 m - a ring of positive energy (on tentacle)
 n - a ring of flight (on tentacle)
 t - an amulet of reflection (around mantle)
 D - the ring "Yczarphu" {+Blink rF+ Str+2}
   (You took it off a centaur on level 8 of the Dungeon)

   [ring of protection from fire]

   Str:       It affects your strength (+2).
   rF:        It protects you from fire.
   +Blink:    It lets you blink.
 F - a ring of willpower (on tentacle)
 G - a +6 ring of strength (on tentacle)
 H - a ring of resist corrosion
 O - a +6 ring of dexterity (on tentacle)
 P - a ring of willpower (on tentacle)
Wands
 C - a wand of digging (5)
 E - a wand of flame (1)
 J - a wand of quicksilver (4)
Scrolls
 I - a scroll of amnesia
 L - a scroll of enchant armour
Potions
 d - a potion of attraction
 f - 2 potions of cancellation
 Q - a potion of magic


   Skills:
 * Level 9.1 Fighting
 + Level 3.9(5.8) Short Blades
 + Level 6.6(7.1) Long Blades
 + Level 6.4(6.6) Axes
 + Level 2.0(4.5) Maces & Flails
 + Level 0.1(3.9) Polearms
 + Level 5.0 Ranged Weapons
 + Level 3.3 Throwing
 + Level 5.4 Dodging
 + Level 11.7 Stealth
 + Level 3.9 Shields
 + Level 0.4 Spellcasting


You had 7 spell levels left.
You knew the following spells:

 Your Spells              Type           Power      Damage    Failure   Level
a - Shock                 Conj/Air       0%         1d3       10%         1
b - Call Imp              Summ           0%         N/A       16%         2

Your spell library contained the following spells:

 Spells                   Type           Power      Damage    Failure   Level
 Magic Dart               Conj           0%         1d3       10%         1
 Mephitic Cloud           Conj/Pois/Air  0%         N/A       28%         3
 Ozocubu's Armour         Ice            0%         N/A       28%         3
 Swiftness                Air            0%         N/A       28%         3
 Airstrike                Air            0%         2d(0-16)  65%         4
 Metabolic Englaciation   Hex/Ice        0%         N/A       92%         5
 Summon Forest            Summ/Tloc      0%         N/A       92%         5
 Summon Mana Viper        Hex/Summ       0%         N/A       92%         5
 Simulacrum               Ice/Necr       0%         N/A       100%        6
 Summon Cactus Giant      Summ           0%         N/A       100%        6


Dungeon Overview and Level Annotations

Branches:
Dungeon (11/15)            Temple (1/1) D:4            Lair (0/5) D:11
    Orc: D:9-12

Altars:
Ashenzari
Cheibriados
Dithmenos
Elyvilon
Fedhas
Gozag
Hepliaklqana
Kikubaaqudgha
Makhleb
Nemelex Xobeh
Okawaru
Qazlal
Ru
Sif Muna
Trog
Uskayaw
Vehumet
Wu Jian
Xom
Yredelemnul
Zin
The Shining One

Shops:
D:4 :

Annotations:
D:8 2 transporters, croobank's ghost, novice FeSu
D:10 1 runed translucent door


Innate Abilities, Weirdness & Mutations

You cannot wear most types of armour.
You are amphibious.
You can wear up to eight rings at the same time.
Your skin changes colour to match your surroundings (Stealth+).
Your rubbery body absorbs attacks. (AC +1, EV +1)
((You are camouflaged when in or above water. (Stealth+)))
You have tentacles for arms and can constrict up to eight enemies at once.
Your system is resistant to poisons. (rPois)


Message History

You block the boulder beetle's attack.
You hit the boulder beetle but do no damage.
You squeeze the boulder beetle, but do no damage.
The boulder beetle is heavily wounded.
The boulder beetle bites you.
You hit the boulder beetle. You freeze the boulder beetle.
The boulder beetle is heavily wounded.
The boulder beetle closely misses you.
You hit the boulder beetle. You freeze the boulder beetle.
You squeeze the boulder beetle, but do no damage.
The boulder beetle is heavily wounded.
The boulder beetle bites you!!
* * * LOW HITPOINT WARNING * * *
You hit the boulder beetle. You freeze the boulder beetle.
You squeeze the boulder beetle, but do no damage.
The boulder beetle is heavily wounded.
The boulder beetle closely misses you.
You hit the boulder beetle but do no damage.
You squeeze the boulder beetle, but do no damage.
The boulder beetle is heavily wounded.
The boulder beetle closely misses you.
You hit the boulder beetle but do no damage.
You squeeze the boulder beetle, but do no damage.
The boulder beetle is heavily wounded.
The boulder beetle closely misses you.
You hit the boulder beetle but do no damage.
The boulder beetle is heavily wounded.
The boulder beetle misses you.
You hit the boulder beetle but do no damage.
You squeeze the boulder beetle, but do no damage.
The boulder beetle is heavily wounded.
You block the boulder beetle's attack.
You hit the boulder beetle but do no damage.
The boulder beetle is heavily wounded.
You block the boulder beetle's attack.
You hit the boulder beetle. You freeze the boulder beetle.
You squeeze the boulder beetle.
The boulder beetle is heavily wounded.
The boulder beetle bites you!!
You die...

#..........># #.......... #...
#...........# ####'##### #...
#########'### ##.# #... ###.#
##..# #### #...# ##...##
#####'#### ##.....## #........#
#.......#####
#........###.B...$.#+..# ## ##
#........'..?@......##.#### #.
.###........#................###.
>..'........#.....>.....####...#.
####........##.........## ###.'.
####'######.........# ###.
##...### ##.......## ##
###......# #.......# #...#'##.#
##.....## ##.###.##'# ##...#####


You could see a boulder beetle.

Vanquished Creatures
  Erica (D:11)
  A cyclops (D:11)
  A gargoyle (D:10)
  A troll (D:11)
  A hornet (D:9)
  3 wraiths (D:11)
  5 vampires
  13 yaks
  A steam dragon (D:7)
  2 wargs (D:11)
  Edmund (D:6)
  An acid dragon (D:9)
  Duvessa (D:5)
  2 water moccasins
  An ice beast (D:5)
  4 orc warriors
  A black bear (D:5)
  An ogre (D:6)
  6 centaurs
  4 kobold brigands
  A phantom (D:4)
  3 bullfrogs
  A gnoll sergeant (D:8)
  4 scorpions
  6 wights
  Dowan (D:5)
  12 killer bees
  8 howler monkeys
  A hound (D:7)
  2 gnoll boudas
  6 orc priests
  2 jellies
  3 iguanas
  5 orc wizards
  11 adders
  18 gnolls
  A shadow imp (D:7)
  2 white imps
  An ufetubus (D:4)
  A worm (D:5)
  3 dart slugs
  51 orcs
  3 bats
  6 endoplasms
  7 giant cockroaches
  10 goblins
  8 hobgoblins
  3 quokkas
  6 ball pythons
  3 frilled lizards
  30 kobolds
  10 rats
280 creatures vanquished.

Vanquished Creatures (collateral kills)
  2 yaks (D:8)
2 creatures vanquished.

Grand Total: 282 creatures vanquished

Notes
Turn   | Place    | Note
-------+----------+-------------------------------------------
     0 | D:1      | promet the Octopode Brigand began the quest for the Orb.
     0 | D:1      | Reached XP level 1. HP: 14/14 MP: 1/1
    86 | D:1      | Found a faded altar of an unknown god.
    86 | D:1      | You fall into a shaft and drop 1 floor!
   163 | D:1      | Reached XP level 2. HP: 14/19 MP: 2/2
   254 | D:1      | Reached skill level 6 in Stealth
   807 | D:1      | Reached XP level 3. HP: 24/24 MP: 3/3
  1590 | D:2      | Reached XP level 4. HP: 30/30 MP: 4/4
  2211 | D:3      | Found an opulent altar of Gozag.
  2289 | D:3      | Found a stormy altar of Qazlal.
  2313 | D:3      | Reached skill level 7 in Stealth
  2541 | D:3      | Found a broken altar of Ashenzari.
  2541 | D:3      | Found a snail-covered altar of Cheibriados.
  2887 | D:4      | Found a staircase to the Ecumenical Temple.
  2908 | Temple   | Entered the Ecumenical Temple
  3085 | Temple   | Became a worshipper of Dithmenos the Shadowed
  3421 | D:4      | Reached XP level 5. HP: 35/36 MP: 5/5
  3446 | D:4      | Reached skill level 8 in Stealth
  3446 | D:4      | Reached XP level 6. HP: 41/42 MP: 6/6
  3831 | D:4      | Found Toth's Book Shoppe.
  4359 | D:4      | Identified the +1 falchion of the Goat {freeze, Dex+6}
  4831 | D:4      | Reached * piety under Dithmenos
  5141 | D:5      | Entered Level 5 of the Dungeon
  5151 | D:5      | Found a radiant altar of Vehumet.
  5210 | D:5      | Reached XP level 7. HP: 39/47 MP: 7/7
  5409 | D:5      | Reached skill level 9 in Stealth
  5626 | D:5      | Learned a level 1 spell: Shock
  5688 | D:5      | Noticed Dowan
  5721 | D:5      | Killed Dowan
  6012 | D:5      | Reached skill level 1 in Long Blades
  6432 | D:5      | Found an ancient bone altar of Kikubaaqudgha.
  6618 | D:5      | Reached XP level 8. HP: 27/54 MP: 8/8
  6995 | D:5      | Noticed Duvessa
  7004 | D:5      | Killed Duvessa
  7195 | D:6      | Reached skill level 1 in Shields
  7315 | D:6      | Reached skill level 5 in Fighting
  7874 | D:6      | Noticed Edmund
  7907 | D:6      | Killed Edmund
  8576 | D:7      | Reached skill level 10 in Stealth
  8676 | D:7      | Reached XP level 9. HP: 61/61 MP: 9/9
  8681 | D:7      | Learned a level 2 spell: Call Imp
  8929 | D:7      | Reached ** piety under Dithmenos
  8936 | D:7      | Reached skill level 1 in Ranged Weapons
  9464 | D:7      | Reached skill level 5 in Long Blades
 10783 | D:8      | Identified the ring "Yczarphu" {+Blink rF+ Str+2}
 10798 | D:8      | Reached skill level 1 in Axes
 10937 | D:8      | Found a transporter.
 11330 | D:8      | Found a transporter.
 11352 | D:8      | Reached XP level 10. HP: 30/69 MP: 8/10
 11614 | D:8      | Gained mutation: Your system is resistant to poisons.
                  | (rPois) [potion of mutation]
 12301 | D:8      | Noticed croobank's ghost (novice FeSu)
 12312 | D:8      | Noticed an alligator
 12560 | D:8      | Noticed an ettin
 12862 | D:9      | Reached skill level 11 in Stealth
 13949 | D:9      | Reached skill level 5 in Axes
 14549 | D:9      | Reached *** piety under Dithmenos
 15474 | D:10     | Entered Level 10 of the Dungeon
 15478 | D:10     | Reached XP level 11. HP: 77/77 MP: 11/11
 15588 | D:10     | Reached skill level 5 in Dodging
 15732 | D:10     | Found a flagged portal.
 16361 | D:10     | Reached skill level 1 in Maces & Flails
 16801 | D:10     | Found a glowing golden altar of the Shining One.
 16982 | D:10     | Noticed a red very ugly thing
 16982 | D:10     | Noticed a deep troll
 16982 | D:10     | Noticed a six-headed hydra
 16983 | D:10     | Found a runed translucent door.
 17132 | D:10     | Noticed a deep elf knight
 17132 | D:10     | Noticed a yaktaur captain
 17132 | D:10     | Noticed a four-headed hydra
 18020 | D:11     | Noticed a cyclops
 18025 | D:11     | Killed a cyclops
 18083 | D:11     | Reached skill level 5 in Ranged Weapons
 18522 | D:11     | Noticed a boulder beetle
 18562 | D:11     | Noticed Erica
 18841 | D:11     | Found a staircase to the Lair.
 18853 | D:11     | Killed Erica
 19573 | D:11     | Noticed a boulder beetle
 20236 | D:11     | Mangled by a boulder beetle

Illustrated notes

Levels and vault maps discovered:
D:1:      denvon_arrival_planthouse, layout_loops_ring,
          ebering_ecumenical_altar_hall
D:2:      layout_basic
D:3:      layout_loops_ring, gammafunk_temple_overflow_elements,
          nicolae_qazlal_scattered_showers, grunt_gozag_statues
D:4:      minmay_chambers_of_twos, layout_basic, minmay_temple_entry_large_hall,
          serial_shops, shop
D:5:      layout_basic, general_overflow_altar, lemuel_tele_altar, uniq_duvessa
D:6:      layout_loops_corners, corexii_leaking_fountain, uniq_edmund
D:7:      layout_rooms
D:8:      layout_loops_corners, nzn_ghost_randoct
D:9:      layout_roguey [special_room_orc]
D:10:     minmay_gate_of_8, layout_loops_corners, tso_oasis_becter,
          enter_bailey_8
D:11:     layout_roguey, erik_lair_orcish_takeover, nicolae_hexahallways,
          uniq_erica
Temple:   nicolae_temple_superstar

Skill      XL: |  1  2  3  4  5  6  7  8  9 10 11 |
---------------+----------------------------------+-----
Stealth        | 6 7 8 9 10 11 | 11.7
Fighting       | 3 4 5 6 8 9 |  9.1
Short Blades   | 3 |  3.9
Dodging        | 2 3 4 5 |  5.4
Long Blades    | 2 4 5 6 |  6.6
Shields        | 1 2 3 |  3.9
Throwing       | 3 |  3.3
Ranged Weapons | 4 5 |  5.0
Axes           | 3 5 6 |  6.4
Maces & Flails | 2 |  2.0
Polearms       | |  0.1
Spellcasting   | |  0.4

Action                   |  1- 3 |  4- 6 |  7- 9 | 10-12 || total
-------------------------+-------+-------+-------+-------++-------
Melee: Dagger            |    69 |   107 |    19 |     4 ||   199
       Constrict         |    13 |    24 |    43 |    44 ||   124
       Tentacles         |     9 |    33 |    53 |    84 ||   179
       Punch             |     1 |     1 |     2 |     6 ||    10
       Falchion          |       |     8 |   155 |   166 ||   329
       Battleaxe         |       |       |    22 |   106 ||   128
       Flail             |       |       |       |    47 ||    47
       Glaive            |       |       |       |     8 ||     8
 Fire: Shortbow          |       |       |    57 |    51 ||   108
Throw: Dart              |     1 |     8 |    14 |     5 ||    28
       Stone             |     1 |       |     4 |     3 ||     8
       Throwing net      |       |       |     3 |       ||     3
       Boomerang         |       |       |     2 |       ||     2
 Cast: Call Imp          |       |       |     3 |       ||     3
Evoke: Wand              |       |       |       |     1 ||     1
  Use: Potion            |     1 |     1 |     1 |    10 ||    13
       Scroll            |     3 |     3 |    12 |     5 ||    23
 Stab: Sleeping          |     9 |    16 |    14 |    10 ||    49
       Distracted        |       |       |     1 |     3 ||     4
       Held in net/web   |       |       |     2 |       ||     2
       Invisible         |       |       |       |     3 ||     3
Armor: Skin              |    15 |    10 |    24 |    20 ||    69
Dodge: Dodged            |    28 |    34 |   139 |   258 ||   459
Block: Other             |       |     2 |    46 |    93 ||   141
       Reflection        |       |       |     3 |     2 ||     5
